 Dungeon Crawl Stone Soup version 0.27.1-1-g398f81649c (webtiles) character file.

Game seed: 15520546494990178105

14 MisterFreud the Fighter (level 2, -9/36 HPs)
             Began as a Gnoll Wanderer on Sept 20, 2021.
             Mangled by Sigmund (22 damage)
             ... on level 2 of the Dungeon.
             The game lasted 00:01:13 (544 turns).

MisterFreud the Fighter (Gnoll Wanderer)             Turns: 544, Time: 00:01:14

Health: -9/36      AC:  2    Str: 11    XL:     2   Next: 41%
Magic:  2/2        EV: 11    Int: 13    God:
Gold:   35         SH:  0    Dex:  9    Spells: 1/1 levels left

rFire    . . .     SeeInvis .   b - +0 dagger
rCold    . . .     Faith    .   (no shield)
rNeg     . . .     Spirit   .   d - +0 robe
rPois    .         Reflect  .   (no helmet)
rElec    .         Harm     .   (no cloak)
rCorr    .         Rampage  .   (no gloves)
Will     .....                  (no boots)
Stlth    +.........             (no amulet)
HPRegen  0.12/turn              (no ring)
MPRegen  0.08/turn              (no ring)

@: confused
A: fangs 1, strong nose, distributed training
a: no special abilities


You were on level 2 of the Dungeon.
You visited 1 branch of the dungeon, and saw 2 of its levels.

You collected 35 gold pieces.

Inventory:

Hand Weapons
 a - a +2 hand crossbow
 b - a +0 dagger (weapon)
Missiles
 e - 22 bolts
Armour
 d - a +0 robe (worn)
Potions
 c - 2 potions of lignification


   Skills:
 + Level 10.3 Fighting
 + Level 0.4 Short Blades
 + Level 0.4 Long Blades
 + Level 0.4 Axes
 + Level 0.4 Maces & Flails
 + Level 0.4 Polearms
 + Level 0.4 Staves
 + Level 0.4 Slings
 + Level 0.4 Bows
 + Level 2.5 Crossbows
 + Level 0.4 Throwing
 + Level 0.4 Armour
 + Level 0.4 Dodging
 + Level 5.9 Stealth
 + Level 0.4 Shields
 + Level 0.4 Unarmed Combat
 + Level 0.4 Spellcasting
 + Level 0.2 Conjurations
 + Level 0.2 Hexes
 + Level 0.2 Summonings
 + Level 0.2 Necromancy
 + Level 0.2 Translocations
 + Level 0.2 Transmutations
 + Level 0.2 Fire Magic
 + Level 0.2 Ice Magic
 + Level 0.2 Air Magic
 + Level 0.2 Earth Magic
 + Level 0.2 Poison Magic
 + Level 0.5 Invocations
 + Level 2.5 Evocations


You had one spell level left.
You didn't know any spells.
Your spell library was empty.

Dungeon Overview and Level Annotations

Branches:
Dungeon (2/15)

Altars:

Annotations:
D:2 Sigmund


Innate Abilities, Weirdness & Mutations

You have very sharp teeth.
Your uncanny sense of smell can sniff out nearby items.
Your experience applies equally to all skills.


Message History

The bat barely misses you.
You barely miss the bat.
The bat is moderately wounded.
The bat hits you but does no damage.
You hit the bat but do no damage. The bat hits you but does no damage.
You barely miss the bat. The bat barely misses you.
You hit the bat.
You kill the bat!
No target in view!
No target in view!
You see here a bat corpse.
Found a stone staircase leading up.
Sigmund the Dreaded comes into view.
He is wielding a +1 scythe of distortion.
a - a +2 hand crossbow (weapon)
You shoot a bolt. The bolt hits Sigmund.
Sigmund shouts!
Sigmund is lightly wounded.
Sigmund points at you and mumbles some strange words.
You resist with significant effort.
You shoot a bolt. The bolt hits Sigmund.
Sigmund is lightly wounded.
You shoot a bolt. The bolt hits Sigmund!
Sigmund is heavily wounded.
Sigmund gestures at you while chanting. The puff of flame hits you!
You shoot a bolt. The bolt hits Sigmund.
Sigmund is severely wounded.
Sigmund casts a spell at you. The puff of flame hits you!
Sigmund casts a spell at you.
You are confused.
You are too confused!
b - a +0 dagger (weapon)
You bump into the rock wall.
Sigmund casts a spell at you. You resist with significant effort.
Sigmund hits you with a +1 scythe of distortion!
Space warps horribly around you!!
Ouch! That really hurt!
You die...

##.#.#.............
...................
.....#............
.....#.###.###.#..
.....#.#.....#.#.#
##+#.#.#.#...#.#.#
#.#.#.#.....#.#.#
##.#†#.####..#.#.#
#....#.......#.#@#
#....#######.#.#@#
...............#.#
#...#.........##.#
....+............#
#####..........#.#
#######.#.#...
#+#.#.##.. (.#.#
..#


You could see Sigmund.

Vanquished Creatures
  2 ball pythons (D:1)
  2 bats
  3 endoplasms (D:1)
  A goblin (D:1)
  A hobgoblin (D:1)
  A kobold (D:1)
  A rat (D:1)
11 creatures vanquished.

Notes
Turn   | Place    | Note
-------+----------+-------------------------------------------
     0 | D:1      | Reached skill level 10 in Fighting
     0 | D:1      | MisterFreud the Gnoll Wanderer began the quest for the Orb.
     0 | D:1      | MisterFreud set off with the following items: a +2 hand
                  | crossbow, 26 bolts, 2 potions of lignification, a +0 robe,
                  | a +0 dagger
     0 | D:1      | Reached XP level 1. HP: 28/28 MP: 1/1
    74 | D:1      | Reached XP level 2. HP: 34/36 MP: 2/2
   529 | D:2      | Noticed Sigmund
   544 | D:2      | Mangled by Sigmund

Illustrated notes

Levels and vault maps discovered:
D:1:      dpeg_arrival_court, layout_rooms, chequers_arboretum
D:2:      layout_basic, minmay_hexomino_c4, uniq_sigmund

Skill      XL: | |
---------------+-+-----
Fighting       | | 10.3
Short Blades   | |  0.4
Long Blades    | |  0.4
Axes           | |  0.4
Maces & Flails | |  0.4
Polearms       | |  0.4
Staves         | |  0.4
Slings         | |  0.4
Bows           | |  0.4
Crossbows      | |  2.5
Throwing       | |  0.4
Armour         | |  0.4
Dodging        | |  0.4
Stealth        | |  5.9
Shields        | |  0.4
Unarmed Combat | |  0.4
Spellcasting   | |  0.4
Conjurations   | |  0.2
Hexes          | |  0.2
Summonings     | |  0.2
Necromancy     | |  0.2
Translocations | |  0.2
Transmutations | |  0.2
Fire Magic     | |  0.2
Ice Magic      | |  0.2
Air Magic      | |  0.2
Earth Magic    | |  0.2
Poison Magic   | |  0.2
Invocations    | |  0.5
Evocations     | |  2.5

Action                   || total
-------------------------++-------
Melee: Dagger            ||    35
       Bite              ||     1
 Fire: Hand crossbow     ||    10
 Stab: Sleeping          ||     2
Armor: Robe              ||     7
Dodge: Dodged            ||    28
